AoeStats
← darador86

MegaRandom

506763668Analyzed
4v4 RM · 19d ago on Sep 15, 2026· 66m 44s· 8 players
Game mode
Random Map
Map size
Large (8 player)
Population
200
Speed
Normal
Resources
Standard
Victory
Conquest
Starting age
Dark Age
Ending age
Imperial Age
RankedLock teamsTeams togetherTeam positionsShared explorationLock speedFull tech treeHidden civsTurbo modeCheats
Victory
Defeat
🇲🇽 Persians · Mexico
738
+18
🇧🇷 Chinese · Brazil
729
+18
🇵🇹 Khmer · Portugal
697
+20
🇦🇷 Huns · Argentina
692
+20
🇨🇱 Bohemians · Chile
1000
-109
🇨🇱 Huns · Chile
884
-80
🇨🇱 Mapuche · Chile
648
-14
🇨🇱 Romans · Chile
592
-11
NoobForever
0:35 Loom
12:19 Feudal Age
17:22 Arson
16:59 Man-at-Arms
21:51 Horse Collar
24:23 Wheelbarrow
23:33 Town Watch
28:45 Castle Age
26:57 Double-Bit Axe
29:08 Wheelbarrow
28:27 Town Watch
29:31 Gold Mining
31:53 Bow Saw
32:18 Heavy Plow
32:12 Stone Mining
34:02 Gold Shaft Mining
34:08 Stone Shaft Mining
35:51 Squires
38:31 Hand Cart
38:18 Town Patrol
38:39 Fletching
38:49 Padded Archer Armor
40:03 Town Patrol
40:13 Bodkin Arrow
40:33 Leather Archer Armor
45:57 Thumb Ring
46:33 Caravan
48:19 Fervor
48:30 Sanctity
51:29 Murder Holes
51:58 Ballistics
52:12 Pikeman
67:13 Imperial Age
65:04 Masonry
66:47 Forging
66:37 Scale Mail Armor
66:43 Scale Barding Armor
22JOAO22
11:35 Feudal Age
14:35 Double-Bit Axe
16:42 Horse Collar
27:55 Castle Age
26:24 Padded Archer Armor
27:03 Gold Mining
30:58 Wheelbarrow
31:13 Bow Saw
33:37 Leather Archer Armor
33:17 Fletching
34:19 Stone Mining
38:30 Caravan
44:01 Imperial Age
46:58 Double Crossbow
49:52 Chemistry
62:58 Elite Ballista Elephant
66:30 Forging
66:21 Scale Mail Armor
66:26 Scale Barding Armor
66:52 Ring Archer Armor
65:46 Heavy Scorpion
65:46 Onager
66:48 Hand Cart
66:19 Town Watch
66:19 Loom
66:48 Siege Engineers
darador86
15:12 Feudal Age
15:43 Horse Collar
15:51 Double-Bit Axe
15:58 Gold Mining
15:59 Stone Mining
20:45 Bloodlines
24:07 Castle Age
24:06 Town Watch
24:57 Wheelbarrow
27:23 Bow Saw
28:05 Caravan
28:33 Heavy Plow
30:31 Ballistics
34:13 Imperial Age
32:23 Gold Shaft Mining
32:07 Husbandry
31:28 Light Cavalry
35:14 Town Patrol
35:15 Cavalier
39:15 Marauders
42:00 Chemistry
42:54 Murder Holes
43:10 Masonry
43:51 Parthian Tactics
44:50 Heavy Cavalry Archer
45:37 Thumb Ring
44:52 Crossbowman
45:41 Padded Archer Armor
45:32 Fletching
45:43 Scale Mail Armor
45:48 Scale Barding Armor
45:54 Forging
48:31 Elite Skirmisher
49:40 Elite Tarkan
63:08 Leather Archer Armor
62:49 Bodkin Arrow
63:29 Iron Casting
63:10 Chain Mail Armor
63:15 Chain Barding Armor
63:00 Town Patrol
63:15 Hand Cart
62:30 Paladin
62:31 Hussar
63:36 Conscription
63:38 Atheism
62:49 Sappers
Rompe--Anos
0:28 Loom
12:40 Feudal Age
17:22 Castle Age
15:53 Double-Bit Axe
18:58 Scale Barding Armor
25:34 Bow Saw
30:52 Horse Collar
32:19 Heavy Plow
36:13 Imperial Age
34:10 Ballistics
34:38 Forging
36:15 Wheelbarrow
37:00 Crop Rotation
37:38 Two-Man Saw
37:46 Chain Barding Armor
38:02 Iron Casting
39:27 Chemistry
39:30 Plate Barding Armor
39:52 Hand Cart
40:58 Conscription
41:45 Elite War Elephant
43:01 Kamandaran
42:25 Crossbowman
43:13 Thumb Ring
45:56 Blast Furnace
48:07 Bloodlines
66:03 Spies/Treason
Matx108
7:33 Loom
10:06 Feudal Age
11:03 Horse Collar
11:16 Double-Bit Axe
13:57 Champi Runner
21:23 Castle Age
23:34 Pikeman
25:33 Horse Collar
30:23 Bow Saw
30:45 Heavy Plow
37:54 Champi Warrior
39:37 Murder Holes
46:31 Imperial Age
47:41 Imperial Age
Le_HollowSette
5:24 Loom
10:49 Feudal Age
12:12 Wheelbarrow
12:07 Double-Bit Axe
12:44 Horse Collar
18:54 Scale Barding Armor
20:08 Bloodlines
22:25 Forging
25:53 Castle Age
25:05 Scale Mail Armor
25:34 Gold Mining
27:17 Hand Cart
27:57 Husbandry
29:13 Gold Shaft Mining
28:42 Stone Mining
29:32 Ballistas
31:33 Heavy Plow
40:09 Imperial Age
40:07 Bow Saw
41:31 Heavy Scorpion
43:42 Elite Centurion
48:25 Iron Casting
48:12 Chain Barding Armor
50:59 Comitatenses
55:09 Plate Barding Armor
54:50 Chain Mail Armor
62:51 Light Cavalry
63:21 Cavalier
Gansitosman
23:43 Feudal Age
25:11 Wheelbarrow
24:27 Loom
25:36 Double-Bit Axe
25:47 Stone Mining
28:32 Gold Mining
30:17 Bloodlines
34:17 Castle Age
33:41 Scale Barding Armor
35:39 Hand Cart
35:51 Husbandry
43:42 Chain Barding Armor
49:03 Horse Collar
49:36 Bow Saw
50:05 Gold Shaft Mining
53:19 Imperial Age
Allanhdhd
3:29 Loom
12:57 Feudal Age
14:20 Wheelbarrow
13:34 Town Watch
13:36 Double-Bit Axe
18:44 Padded Archer Armor
18:35 Fletching
22:44 Castle Age
22:13 Horse Collar
25:05 Pikeman
26:25 Scale Mail Armor
26:35 Forging
26:27 Bodkin Arrow
32:36 Hand Cart
33:50 Heavy Plow
37:09 Leather Archer Armor
36:58 Town Patrol
43:26 Imperial Age
44:47 Elite Hussite Wagon
45:31 Bracer
46:02 Ring Archer Armor
54:23 Chemistry
Connection lost

Rejoining the realm…

Still unreachable

The connection could not be restored.

Session expired

The server has moved on; the page needs a fresh start.